Map: [ESL] Inside and Out

Players

Classic - Winner!

  • Race: Protoss Protoss
  • Spawn Location: 7:00

ByuN

  • Race: Terran Terran
  • Spawn Location: 1:00

Event: TSL 9

VOD

Have the link to the VOD?

Description

Time

  • Played on: July 29, 2022, 11:05 a.m.
  • Length: 7:35

All games in this series

Show
View Real Time Build Order
Export as new Build Order

Classic Protoss - Winner!

Build Orders: Oracle Opening 

Get SALT Encoding   

  12  0:00  Probe  
  13  0:12  Probe  
  14  0:16  Pylon  
  14  0:24  Probe (Chrono Boost)  
  16  0:36  Gateway, Probe (Chrono Boost)  
  16  0:43  Probe (Chrono Boost)  
  16  0:46  Assimilator  
  17  0:51  Probe  
  17  0:53  Assimilator  
  18  1:03  Probe (Chrono Boost)  
  19  1:13  Probe (Chrono Boost)  
  19  1:15  Pylon  
  19  1:18  Probe (Chrono Boost)  
  20  1:23  Cybernetics Core  
  21  1:29  Probe  
  24  1:41  Probe  
  25  1:53  Probe  
  26  1:59  Adept  
  26  2:00  Stargate  
  26  2:03  Warp Gate  
  26  2:17  Nexus  
  26  2:26  Probe  
  27  2:31  Pylon  
  28  2:47  Oracle (Chrono Boost)  
  30  2:55  Probe  
  29  2:59  Gateway  
  29  3:07  Probe  
  29  3:11  Gateway  
  30  3:18  Oracle (Chrono Boost)  
  30  3:25  Probe  
  34  3:36  Probe  
  34  3:37  Probe  
  36  3:46  Oracle (Chrono Boost)  
  39  3:48  Probe  
  39  3:49  Probe  
  41  3:58  Stalker  
  45  4:05  Stalker  
  45  4:06  Stalker  
  47  4:10  Pylon  
  47  4:28  Stalker x2  
  47  4:30  Stalker  
  51  4:32  Probe  
  45  4:55  Stalker x2  
  45  4:56  Probe x2 (Chrono Boost)  
  46  5:01  Stalker  
  46  5:08  Probe x2 (Chrono Boost)  
  46  5:09  Assimilator  
  48  5:16  Probe x2 (Chrono Boost)  
  48  5:18  Stalker x2  
  54  5:22  Probe  
  54  5:23  Probe  
  54  5:27  Stalker, Pylon  
  58  5:35  Probe x2  
  56  5:49  Stalker x2  
  57  5:51  Stalker  
  59  5:57  Nexus  
  59  6:17  Stalker x3  
  61  6:19  Probe x2  
  63  6:31  Probe x2  
  59  6:39  Twilight Council  
  59  6:41  Stalker x3  
  59  6:42  Forge  
  59  6:44  Probe (Chrono Boost)  
  66  6:51  Probe (Chrono Boost)  
  65  6:56  Probe (Chrono Boost)  
  67  7:03  Probe (Chrono Boost)  
  67  7:05  Probe (Chrono Boost)  
  67  7:06  Stalker x2  
  70  7:08  Probe (Chrono Boost)  
  70  7:10  Stalker  
  70  7:11  Pylon  
  70  7:12  Probe x2 (Chrono Boost)  
  75  7:19  Probe (Chrono Boost)  
  75  7:21  Probe x2 (Chrono Boost)  
  72  7:24  Probe (Chrono Boost)  
Show
View Real Time Build Order
Export as new Build Order

ByuN Terran 

Build Orders: Cyclone Opening, Gas First Reaper Expand 

Get SALT Encoding   

  12  0:01  SCV  
  13  0:13  SCV  
  14  0:17  Supply Depot  
  14  0:25  SCV  
  14  0:27  Refinery  
  15  0:38  SCV  
  16  0:44  Barracks  
  16  0:51  SCV  
  17  1:03  SCV  
  18  1:15  SCV  
  19  1:30  Orbital Command  
  19  1:31  Reaper  
  20  1:42  Command Center  
  20  1:52  Factory  
  20  1:57  SCV  
  21  2:02  Refinery  
  21  2:04  Barracks Reactor  
  21  2:09  SCV  
  21  2:13  Supply Depot  
  22  2:21  SCV  
  23  2:35  SCV, Factory Tech Lab  
  24  2:47  SCV, Marine x2  
  26  2:53  Cyclone  
  26  2:55  Orbital Command  
  29  2:59  SCV  
  29  3:00  Barracks  
  29  3:05  Marine x2  
  32  3:11  SCV  
  33  3:22  SCV  
  33  3:23  SCV, Marine x2  
  33  3:26  Cyclone  
  40  3:33  Supply Depot  
  40  3:34  SCV  
  40  3:35  SCV  
  42  3:45  Marine x2  
  42  3:46  Supply Depot, SCV  
  42  3:47  SCV  
  46  3:48  Barracks Tech Lab  
  45  3:58  SCV  
  45  4:00  SCV  
  47  4:03  Barracks  
  47  4:05  Supply Depot  
  47  4:07  Marine x2  
  47  4:08  Marine  
  50  4:12  Stimpack  
  50  4:15  SCV x2  
  52  4:19  Factory Tech Lab  
  50  4:27  SCV  
  50  4:28  SCV, Marine  
  50  4:29  Marine x2  
  55  4:36  Bunker  
  55  4:39  SCV  
  55  4:40  SCV  
  55  4:41  Engineering Bay  
  54  4:46  Marine x2  
  54  4:51  SCV  
  54  4:52  SCV  
  44  5:03  SCV  
  44  5:04  SCV  
  44  5:07  Marine  
  44  5:08  Marine x3  
  48  5:18  Terran Infantry Weapons Level 1  
  48  5:22  SCV x2  
  50  5:29  Marine x2  
  50  5:34  SCV x2  
  51  5:38  Marine  
  51  5:39  Marine  
  45  5:43  Orbital Command  
  45  5:46  SCV, Marine x2  
  42  5:55  Widow Mine  
  42  5:56  Marine  
  42  5:57  Marine  
  43  5:58  SCV  
  44  6:04  Marine x2  
  44  6:09  SCV  
  44  6:10  SCV, Combat Shield  
  47  6:17  Marine  
  43  6:21  SCV  
  43  6:23  SCV  
  42  6:30  Marine  
  42  6:32  Marine x2  
  37  6:34  SCV  
  37  6:36  Widow Mine, Marauder  
  37  6:37  SCV  
  41  6:43  Concussive Shells  
  41  6:46  SCV  
  40  6:51  Marine x2  
  39  6:55  Marauder  
  39  6:59  SCV x2  
  38  7:09  Marine x2  
  38  7:11  Marauder  
  41  7:18  SCV  
  41  7:19  SCV  
Tags
 
Add a new tag
Caveats
  • Supply blocks, unpowered buildings, or Contaminate may cause inaccurate times.
  • Supply counts are checked every 10 seconds.